 Dungeon Crawl Stone Soup version 0.17-a0-1760-ga6756ae (webtiles) character file.

803 kae the Carver (level 7, -1/45 HPs)
             Began as a High Elf Skald on Sept 3, 2015.
             Was an Initiate of Okawaru.
             Slain by a jelly (3 damage)
             ... on level 5 of the Dungeon.
             The game lasted 00:10:12 (8068 turns).

kae the Carver (High Elf Skald)                     Turns: 8068, Time: 00:10:12

Health: -1/45      AC:  0    Str: 13    XL:     7   Next: 59%
Magic:  11/11      EV:  6    Int: 16    God:    Okawaru [......]
Gold:   236        SH:  7    Dex: 15    Spells: 1 memorised, 9 levels left

rFire  . . .     SeeInvis .     a - +0 falchion
rCold  . . .     Clarity  .     v - +0 scale mail
rNeg   . . .     SustAt   .     n - +0 shield
rPois  .         Gourm    .     (no helmet)
rElec  .         Spirit   .     (no cloak)
rCorr  .         Warding  .     (no gloves)
rMut   +         Stasis   .     u - +0 pair of boots
MR     .....                    y - amulet of resist mutation
Stlth  ..........               (no ring)
                                (no ring)

@: corroded equipment, not resistant to hostile enchantments, extremely
unstealthy
A: no striking features
a: Renounce Religion


You were on level 5 of the Dungeon.
You worshipped Okawaru.
Okawaru was noncommittal.
You were not hungry.

You visited 1 branch of the dungeon, and saw 5 of its levels.

You collected 236 gold pieces.

Inventory:

Hand weapons
 a - a +0 falchion (weapon)
Armour
 b - a +0 leather armour
 n - a +0 shield (worn)
 u - a +0 pair of boots (worn)
 v - a +0 scale mail (worn)
Jewellery
 y - an amulet of resist mutation (around neck)
Magical devices
 t - a wand of polymorph (16)
 x - a wand of polymorph (17)
Scrolls
 g - 2 scrolls of remove curse
 h - a scroll of enchant weapon {unknown}
 o - a scroll of blinking
 p - a scroll of teleportation
 r - a scroll of random uselessness {unknown}
 s - 2 scrolls of identify
 w - 2 scrolls of magic mapping
Potions
 e - a potion of poison
 k - a potion of resistance
 l - 2 potions of cancellation
 m - a potion of invisibility
 q - 3 potions of brilliance
Books
 c - a book of Battle

   Spells                             Type                      Level
   a - Infusion                       Charms                       1
   b - Shroud of Golubria             Charms/Translocation         2
   c - Song of Slaying                Charms                       2
   d - Spectral Weapon                Hexes/Charms                 3
   e - Regeneration                   Charms/Necromancy            3
Comestibles
 d - 4 bread rations
 f - 5 fruits
 i - a beef jerky
 j - 4 meat rations
 z - a slice of pizza
 A - 2 chunks of flesh


   Skills:
 - Level 2.0 Fighting
 + Level 10.4 Long Blades
 - Level 0.8 Armour
 - Level 1.1 Dodging
 - Level 2.4 Spellcasting
 - Level 3.6 Charms


You had 9 spell levels left.
You knew the following spells:

 Your Spells              Type           Power        Failure   Level  Hunger
a - Infusion              Chrm           ##....       98%         1    #......


Dungeon Overview and Level Annotations

Branches:
Dungeon (5/15)
 Temple: D:4-7

Altars:
Cheibriados
Gozag
Kikubaaqudgha
Okawaru
Qazlal
Sif Muna

Annotations:
D:3 exclusion: door


Message History

You hit the jelly. The acid corrodes you!
Your hands burn!
The jelly is heavily wounded.
The jelly hits you.
You are splashed with acid!
The acid burns!
You slash the jelly!
Your hands burn!
The jelly is severely wounded.
The jelly hits you.
You are splashed with acid!
The acid burns!
You slash the jelly!
Your hands burn!
* * * LOW HITPOINT WARNING * * *
The jelly is almost dead.
You block the jelly's attack.
You hit the jelly but do no damage. The acid corrodes you!
Your hands burn!
* * * LOW HITPOINT WARNING * * *
The jelly is almost dead.
You block the jelly's attack.
A centaur comes into view.
You hit the jelly but do no damage.
Your hands burn!
* * * LOW HITPOINT WARNING * * *
The jelly is almost dead.
The centaur moves out of view.
The jelly hits you.
You die...

**,**,*,***#..,.,*#รท##.##.#**,,,,
**,**,*,**##..##.*#.......#***,,,
,,,,,,*,*#.....#.*#.##.##..,,,,,*
#...***,*#.#.c...##<##.#*.#*,,,,,
#...# *,,..............#*.#*,**,*
#...# ####.#....#...#####.#*,,,,*
#...# #........###........#*,#*,*
#...###.##................##.#*,*
.........#...#..@).#..........,,,
............##..J..##.....#...***
.........#...#.).).#..[.......,>,
#...###.###...............#...**,
#...# #.....(..###........#*.***,
#.#.# #######.?.#...#######*** *,
#...## #......## *, .....#
#.###### **********, ##.#.# #.#
*,,,,,,,,,,


You could see a centaur and a jelly.

Vanquished Creatures
  A phantom (D:4)
  An ogre (D:4)
  A centaur (D:5)
  A scorpion (D:4)
  4 hounds
  An iguana (D:4)
  An orc priest (D:5)
  5 worker ants
  3 gnolls (D:2)
  8 adders
  2 oozes
  An adder skeleton (D:4)
  3 worms
  7 giant geckos
  4 orcs
  A giant cockroach (D:3)
  10 goblins
  8 hobgoblins
  14 jackals
  A quokka (D:4)
  8 bats
  A giant gecko skeleton (D:4)
  6 giant newts
  13 kobolds
  13 rats
118 creatures vanquished.

Vanquished Creatures (others)
  A human (D:3)
1 creature vanquished.

Grand Total: 119 creatures vanquished

Notes
Turn   | Place    | Note
--------------------------------------------------------------
     0 | D:1      | kae the High Elf Skald began the quest for the Orb.
     0 | D:1      | Reached XP level 1. HP: 14/14 MP: 4/4
   345 | D:1      | Reached XP level 2. HP: 16/19 MP: 6/6
  1089 | D:1      | Reached skill level 4 in Long Blades
  1204 | D:2      | Gained mutation: You are resistant to hostile enchantments. [potion of mutation]
  1204 | D:2      | Gained mutation: Armour fits poorly on your strangely shaped body. [potion of mutation]
  1204 | D:2      | Gained mutation: Your magical capacity is low (-10% MP). [potion of mutation]
  1216 | D:2      | Lost mutation: You are resistant to hostile enchantments. [potion of cure mutation]
  1216 | D:2      | Lost mutation: Your magical capacity is low (-10% MP). [potion of cure mutation]
  1216 | D:2      | Lost mutation: Armour fits poorly on your strangely shaped body. [potion of cure mutation]
  1235 | D:2      | Reached XP level 3. HP: 13/24 MP: 2/7
  1674 | D:2      | Reached skill level 5 in Long Blades
  1706 | D:2      | Reached XP level 4. HP: 12/29 MP: 3/8
  3281 | D:2      | Reached skill level 6 in Long Blades
  3844 | D:3      | Found a snail-covered altar of Cheibriados.
  3898 | D:3      | Found a deep blue altar of Sif Muna.
  3927 | D:3      | Found a stormy altar of Qazlal.
  4029 | D:3      | Found an ancient bone altar of Kikubaaqudgha.
  4043 | D:3      | Reached XP level 5. HP: 29/34 MP: 5/9
  4090 | D:3      | Noticed a human
  4093 | D:3      | Killed a human
  4657 | D:4      | Reached skill level 7 in Long Blades
  4910 | D:4      | HP: 1/34 [iguana (12)]
  5551 | D:4      | Reached XP level 6. HP: 32/39 MP: 10/10
  5575 | D:4      | Noticed a phantom
  5629 | D:4      | Killed a phantom
  5629 | D:4      | Reached skill level 8 in Long Blades
  5938 | D:4      | Found an opulent altar of Gozag.
  5952 | D:4      | Noticed an ogre
  5966 | D:4      | Killed an ogre
  5982 | D:4      | Reached skill level 9 in Long Blades
  6268 | D:4      | Reached XP level 7. HP: 34/45 MP: 11/11
  6683 | D:5      | Entered Level 5 of the Dungeon
  6745 | D:5      | Found an ancient bone altar of Kikubaaqudgha.
  7663 | D:5      | Reached skill level 10 in Long Blades
  7872 | D:5      | Found an iron altar of Okawaru.
  7897 | D:5      | Became a worshipper of Warmaster Okawaru
  8068 | D:5      | HP: 1/45 [acid (3)]
  8068 | D:5      | Slain by a jelly

Vault maps used:
D:1:      sevenhm_arrival_forest_fort_large_4
D:2:      kennysheep_generic_room_7
D:3:      led_sif_book, grunt_qazlal_sundering, nicolae_overflow_crystal_walls,
          tgw_kikubaaqudgha
D:4:      nicolae_gozag_cash_rules_everything_around_me
D:5:      okawaru_ov_weapons_minmay, lemuel_round_altar, first_bread,
          eino_tiny_chamber, elyvilon_altar_5, uniq_menkaure

Action                   |  1- 3 |  4- 6 |  7- 9 || total
-------------------------+-------+-------+-------++-------
Melee: Falchion          |   129 |   316 |   171 ||   616
 Cast: Infusion          |    10 |     5 |       ||    15
  Use: Scroll            |     3 |     3 |     3 ||     9
       Potion            |     3 |     7 |       ||    10
  Eat: Chunk             |     2 |    10 |     7 ||    19
       Bread ration      |       |     1 |       ||     1
